 Dungeon Crawl Stone Soup version 0.29-a0-1033-gb6c65ffae6 (webtiles) character file.

Game seed: 397682301674614232

9179 ytrimaz the Martial Artist (level 11, 0/71 HPs)
             Began as a Demonspawn Transmuter on Aug 15, 2022.
             Was a Follower of Ashenzari.
             Slain by a centaur warrior
             ... wielding a +0 quarterstaff
              (14 damage)
             ... on level 9 of the Dungeon.
             The game lasted 00:22:22 (16019 turns).

ytrimaz the Martial Artist (Demonspawn Transmuter) Turns: 16019, Time: 00:22:22

Health: 0/71       AC:  6    Str: 10    XL:     11   Next: 19%
Magic:  14/14      EV: 19    Int: 20    God:    Ashenzari [*.....]
Gold:   338        SH:  0    Dex: 20    Spells: 6/15 levels left

rFire   . . .      SeeInvis .     - Unarmed
rCold   . . .      Faith    .   (shield currently unavailable)
rNeg    . . .      Spirit   .   (body armour currently unavailable)
rPois   x          Reflect  .   (helmet currently unavailable)
rElec   .          Harm     .   (cloak currently unavailable)
rCorr   .          Rampage  .   (gloves currently unavailable)
Will    +....                   (boots currently unavailable)
Stlth   ++........              d - amulet of magic regeneration
HPRegen 0.21/turn               h - ring "Behold Eternity" {Will+, Alch, Bglg} (curse)
MPRegen 0.54/turn               A - ring "Prophetic Incredulity" {AC+4 Dex+2, Self, Evo} (curse)

@: mighty, spider-form
A: venomous fangs, tiny, (horns 2), ignite blood 2, powered by pain 2, (weakness
stinger 1), (demonic touch 1)
a: End Transformation, Renounce Religion, Shatter the Chains


You were on level 9 of the Dungeon.
You worshipped Ashenzari.
Ashenzari was aware of your devotion.
You were a venomous arachnid creature.
You visited 2 branches of the dungeon, and saw 10 of its levels.
You also visited: Ossuary.

You collected 395 gold pieces.
You spent 57 gold pieces at shops.

Inventory:

Missiles
 m - a throwing net
Armour
 e - a +0 plate armour
 r - a +0 pair of boots (melded)
 x - a +2 robe of positive energy
 B - +0 acid dragon scales
 F - +1 steam dragon scales (melded)
Jewellery
 d - an amulet of magic regeneration (around neck)
 h - the cursed ring "Behold Eternity" (left front leg) {Will+, Alch, Bglg}
   (You found it on level 1 of the Dungeon)

   [ring of willpower]

   Will:      It increases your willpower.
   It has a curse which improves the following skills: Alchemy: Poison Magic and
   Transmutations.
   Beguiling: Conjurations, Hexes and Translocations.
 y - a ring of magical power
 A - the cursed ring "Prophetic Incredulity" (right front leg) {AC+4 Dex+2, Self, Evo}
   (You took it off an orc priest on level 9 of the Dungeon)

   [ring of protection]

   AC:        It affects your AC (+4).
   Dex:       It affects your dexterity (+2).
   It has a curse which improves the following skills: Introspection: Fighting
   and Spellcasting.
   Evocations: Evocations.
 D - a +6 ring of dexterity
 E - a +4 ring of protection
Wands
 k - a wand of flame (33)
 u - a wand of acid (6)
 w - a wand of mindburst (23)
 C - a wand of charming (6)
Scrolls
 a - 3 scrolls of enchant weapon
 f - 2 scrolls of vulnerability
 s - a scroll of fear
 v - 3 scrolls of teleportation
Potions
 b - 2 potions of lignification
 c - 4 potions of mutation
 g - 4 potions of resistance
 i - 5 potions of curing
 j - 5 potions of attraction
 l - a potion of brilliance
 n - a potion of flight
 o - 2 potions of might
 q - a potion of ambrosia
 t - a potion of berserk rage
 z - 2 potions of magic


   Skills:
 - Level 1.0(1.5) Fighting
 - Level 1.7 Dodging
 + Level 14.5 Unarmed Combat
 - Level 2.0(2.6) Spellcasting
 + Level 6.3(7.2) Transmutations
 - Level 4.0(4.8) Poison Magic


You had 6 spell levels left.
You knew the following spells:

 Your Spells              Type           Power      Damage    Failure   Level
a - Ice Form              Ice/Tmut       17%        N/A       54%         4
b - Wereblood             Tmut           31%        N/A       5%          2
c - Spider Form           Tmut/Pois      26%        N/A       12%         3

Your spell library contained the following spells:

 Spells                   Type           Power      Damage    Failure   Level
 Beastly Appendage        Tmut           62%        N/A       4%          1
 Poisonous Vapours        Pois/Air       24%        N/A       22%         2
 Blink                    Tloc           4%         N/A       43%         2
 Ensorcelled Hibernation  Hex/Ice        4%         N/A       43%         2
 Lesser Beckoning         Tloc           2%         N/A       63%         3
 Corpse Rot               Necr/Pois/Air  9%         N/A       78%         4
 Anguish                  Hex/Necr       1%         N/A       93%         4
 Manifold Assault         Tloc           2%         N/A       99%         5


Dungeon Overview and Level Annotations

Branches:
Dungeon (9/15)             Temple (1/1) D:6         Ossuary (visited)
   Lair: D:8-11         Orc: D:9-12

Altars:
Ashenzari
Cheibriados
Fedhas
Gozag
Hepliaklqana
Kikubaaqudgha
Makhleb
Nemelex Xobeh
Qazlal
Ru
Sif Muna
Trog
Uskayaw
Wu Jian
Xom
Yredelemnul

Shops:
D:3 *


Innate Abilities, Weirdness & Mutations

You are a venomous arachnid creature.
You have poisonous fangs.
You are tiny and dextrous.
Your spellcasting is less reliable in this form.
Your armour is entirely melded.
You are incapable of wielding weapons or throwing items.
((You have a pair of horns on your head.))
Your demonic aura often causes spilled blood to erupt in flames.
You sometimes gain power by taking damage.
((You have a small tail.))
((Your touch may inflict minor irresistible damage on your foes.))


Message History

Things that are here:
a +0 ring mail; a +1 antimagic trident A centaur warrior is nearby!
A centaur warrior is nearby!
A centaur warrior is nearby!
Casting: Spider Form (dangerous; 3% risk of failure)
Confirm with . or Enter, or press ? or * to list all spells.
You turn into a venomous arachnid creature.
Your +0 pair of boots melds into your body.
Your +1 steam dragon scales melds into your body.
The centaur warrior shouts!
The centaur warrior unwields a +0 quarterstaff.
The centaur warrior wields a +0 shortbow.
The centaur warrior shoots an arrow.
The arrow closely misses you.
The centaur warrior shoots an arrow.
The arrow hits you!
You focus on the pain.
You feel very mighty all of a sudden.
The centaur warrior unwields a +0 shortbow.
The centaur warrior wields a +0 quarterstaff.
The centaur warrior hits you with a +0 quarterstaff!
The centaur warrior closely misses you.
The centaur warrior hits you with a +0 quarterstaff!
The centaur warrior misses you.
You bite the centaur warrior!
The centaur warrior is poisoned.
The centaur warrior is lightly wounded.
The centaur warrior hits you with a +0 quarterstaff.
The centaur warrior barely misses you.
You bite the centaur warrior!
The centaur warrior looks as sick as possible!
The centaur warrior is moderately wounded.
The centaur warrior hits you with a +0 quarterstaff!
The centaur warrior completely misses you.
You completely miss the centaur warrior.
The centaur warrior is moderately wounded.
The centaur warrior hits you with a +0 quarterstaff!
* * * LOW HITPOINT WARNING * * *
The centaur warrior closely misses you.
You bite the centaur warrior!
The centaur warrior is heavily wounded.
The centaur warrior hits you with a +0 quarterstaff!
You die...

#'##).........# #.
#)รท####.......## #.
#)....###......# #.
#.......##.....# #.
#..#.....#.....## #.
#..###...##.....# #.
#..# #...#.....## # #.
#..# #..#......### .# #.
#..# ..##....s..### ..#
#. #....c...'.####..# #.
#.'........#.......#..#.
####.......##......#..#<
###......#..## #..##
##.....#...## #..#.
#.....##...###..#.
##.....#.....#..#.
#.....##.......#.


You could see a centaur warrior (extremely poisoned).

Vanquished Creatures
  Harold (D:9)
  2 two-headed ogres (D:9)
  A tengu warrior (D:9)
  A troll (D:9)
  Grinder (D:6)
  A slime creature (D:9)
  A shadow (D:9)
  A vampire (D:9)
  Eustachio (D:6)
  2 yaks (D:9)
  4 wyverns
  A steam dragon (D:9)
  Menkaure (D:5)
  An acid dragon (D:8)
  2 water moccasins
  Duvessa (D:5)
  3 orc warriors
  2 ice beasts (D:6)
  A black bear (D:6)
  A sky beast (D:6)
  An ogre (D:5)
  A boggart (D:9)
  4 centaurs
  3 elf zombies (Ossuary)
  3 kobold brigands
  A gnoll sergeant (D:9)
  3 bullfrogs
  2 necrophages
  4 scorpions
  10 wights
  Dowan (D:5)
  12 killer bees
  5 howler monkeys
  An electric eel (D:6)
  A centaur zombie (Ossuary)
  2 human zombies (Ossuary)
  An orc priest (D:9)
  4 hounds
  2 jellies
  An iguana (D:6)
  7 orc wizards
  3 mummies (Ossuary)
  6 gnolls
  2 adders
  A shadow imp (D:7)
  2 white imps (D:6)
  2 adder zombies (Ossuary)
  A worm (D:2)
  2 dart slugs
  28 orcs
  4 bats
  4 endoplasms
  3 giant cockroaches
  2 gnoll zombies (Ossuary)
  8 goblins
  5 hobgoblins
  3 jackals (D:2)
  3 quokkas
  9 ball pythons
  2 frilled lizards (D:1)
  6 goblin zombies
  6 hobgoblin zombies (Ossuary)
  A jackal zombie (Ossuary)
  20 kobolds
  2 kobold zombies (Ossuary)
  An orc zombie (Ossuary)
  6 quokka zombies (Ossuary)
  5 rats
  4 rat zombies
239 creatures vanquished.

Vanquished Creatures (others)
  3 fungi (D:5)
3 creatures vanquished.

Grand Total: 242 creatures vanquished

Notes
Turn   | Place    | Note
-------+----------+-------------------------------------------
     0 | D:1      | ytrimaz the Demonspawn Transmuter began the quest for the
                  | Orb.
     0 | D:1      | Reached XP level 1. HP: 15/15 MP: 3/3
   100 | D:1      | Found a faded altar of an unknown god.
   272 | D:1      | Reached skill level 3 in Unarmed Combat
   306 | D:1      | Discovered your monstrous ancestry.
   306 | D:1      | Gained mutation: Your touch may inflict minor irresistible
                  | damage on your foes. [demonic ancestry]
   306 | D:1      | Reached XP level 2. HP: 11/21 MP: 3/5
  1318 | D:2      | Gained mutation: You sometimes gain a little power by
                  | taking damage. [demonic ancestry]
  1318 | D:2      | Reached XP level 3. HP: 13/26 MP: 6/6
  1539 | D:2      | Reached skill level 4 in Unarmed Combat
  2103 | D:3      | Learned a level 2 spell: Wereblood
  2107 | D:3      | Learned a level 3 spell: Spider Form
  2125 | D:3      | Found Fuhyahae's Assorted Antiques.
  2201 | D:3      | Bought a scroll labelled MOCEIR BADOE for 30 gold pieces
  2203 | D:3      | Bought a murky clear potion for 27 gold pieces
  2333 | D:3      | Gained mutation: You sometimes gain power by taking damage.
                  | [demonic ancestry]
  2333 | D:3      | Reached XP level 4. HP: 32/32 MP: 7/7
  2517 | D:3      | Reached skill level 1 in Poison Magic
  3320 | D:4      | Gained mutation: Your demonic aura sometimes causes spilled
                  | blood to erupt in flames. [demonic ancestry]
  3320 | D:4      | Reached XP level 5. HP: 34/37 MP: 8/8
  3397 | D:4      | Reached skill level 5 in Unarmed Combat
  4367 | D:5      | Entered Level 5 of the Dungeon
  4388 | D:5      | Gained mutation: Your demonic aura often causes spilled
                  | blood to erupt in flames. [demonic ancestry]
  4388 | D:5      | Reached XP level 6. HP: 36/43 MP: 9/9
  4439 | D:5      | Found a hide-covered altar of Uskayaw.
  4441 | D:5      | Found a shimmering altar of Xom.
  4444 | D:5      | Found a stormy altar of Qazlal.
  4449 | D:5      | Found a blossoming altar of Fedhas.
  4451 | D:5      | Found a basalt altar of Yredelemnul.
  4454 | D:5      | Found a sparkling altar of Nemelex Xobeh.
  4458 | D:5      | Found a sacrificial altar of Ru.
  4465 | D:5      | Noticed Menkaure
  4476 | D:5      | Killed Menkaure
  4477 | D:5      | Reached skill level 6 in Unarmed Combat
  4632 | D:5      | Found a snail-covered altar of Cheibriados.
  4643 | D:5      | Noticed Dowan
  4660 | D:5      | Killed Dowan
  4986 | D:5      | Noticed Duvessa
  5007 | D:5      | Killed Duvessa
  5008 | D:5      | Reached XP level 7. HP: 28/48 MP: 10/10
  5332 | D:5      | Reached skill level 7 in Unarmed Combat
  5615 | D:5      | Learned a level 4 spell: Ice Form
  6817 | D:6      | Reached skill level 8 in Unarmed Combat
  6817 | D:6      | Gained mutation: You have a pair of small horns on your
                  | head. [demonic ancestry]
  6817 | D:6      | Reached XP level 8. HP: 11/54 MP: 11/11
  7075 | D:6      | Found a sand-covered staircase.
  7087 | Ossuary  | Entered an ossuary
  7881 | D:6      | Noticed Eustachio
  8329 | D:6      | Reached skill level 9 in Unarmed Combat
  8603 | D:6      | Found a staircase to the Ecumenical Temple.
  8612 | Temple   | Entered the Ecumenical Temple
  8961 | D:6      | Killed Eustachio
  8962 | D:6      | Gained mutation: You have a pair of horns on your head.
                  | [demonic ancestry]
  8962 | D:6      | Reached XP level 9. HP: 33/59 MP: 12/12
  9327 | D:6      | Reached skill level 10 in Unarmed Combat
  9473 | D:6      | Noticed Grinder
  9474 | D:6      | Paralysed by Grinder for 2 turns
  9492 | D:6      | Killed Grinder
 10286 | Temple   | Became a worshipper of Ashenzari the Shackled
 10346 | D:7      | Identified the +0 chain mail "Lygoq" {Rampage}
 10566 | D:7      | Reached skill level 11 in Unarmed Combat
 11520 | D:8      | HP: 2/59 [orc warrior/+0 hand axe (11)]
 12297 | D:8      | Reached skill level 5 in Transmutations
 12396 | D:8      | Reached skill level 12 in Unarmed Combat
 12396 | D:8      | Gained mutation: You have a small tail. [demonic ancestry]
 12396 | D:8      | Reached XP level 10. HP: 44/65 MP: 13/13
 12405 | D:8      | HP: 1/65 [wight/+0 great sword (19)]
 13172 | D:9      | Noticed Harold
 13248 | D:9      | Killed Harold
 13599 | D:9      | Identified the ring "Tuikhlene" {AC+4 Dex+2}
 14110 | D:9      | Reached skill level 13 in Unarmed Combat
 14560 | D:9      | Noticed a tengu warrior
 14570 | D:9      | Killed a tengu warrior
 14886 | D:9      | Noticed a two-headed ogre
 14897 | D:9      | Killed a two-headed ogre
 14941 | D:9      | Reached skill level 14 in Unarmed Combat
 15285 | D:9      | Noticed a two-headed ogre
 15297 | D:9      | Killed a two-headed ogre
 15298 | D:9      | Reached XP level 11. HP: 59/70 MP: 12/14
 15305 | D:9      | Reached * piety under Ashenzari
 15767 | D:9      | Noticed a centaur warrior
 16019 | D:9      | Slain by a centaur warrior

Illustrated notes

Levels and vault maps discovered:
D:1:      dpeg_arrival_connections, layout_basic,
          nicolae_ecumenical_snake_handling
D:2:      layout_basic
D:3:      layout_basic, serial_shops, nicolae_shop_advertising_works
          [nicolae_subvault_shop_adworks]
D:4:      layout_loops_ring, nicolae_overflow_hidden_temple
D:5:      layout_basic, mainiacjoe_overflow_boulevard,
          nicolae_overflow_hallway_of_the_gods, serial_bayou_lagoon_b,
          uniq_duvessa, uniq_menkaure, uniq_crazy_yiuf_cottage
D:6:      layout_gridville, minmay_temple_entry_poolview, enter_ossuary_4,
          chequers_big_river, uniq_eustachio, uniq_grinder
D:7:      layout_rooms
D:8:      layout_loops_corners
D:9:      minmay_quarter_circles, layout_basic, uniq_harold
Temple:   hellmonk_temple_beads

Skill      XL: |  1  2  3  4  5  6  7  8  9 10 |
---------------+-------------------------------+-----
Unarmed Combat | 3 4 5 6 8 9 12 14 | 14.5
Poison Magic   | 1 2 3 4 |  4.0
Transmutations | 2 4 5 6 |  6.3
Fighting       | |  1.0
Dodging        | |  1.7
Spellcasting   | |  2.0

Action                   |  1- 3 |  4- 6 |  7- 9 | 10-12 || total
-------------------------+-------+-------+-------+-------++-------
Melee: Unarmed           |   127 |   112 |   403 |   153 ||   795
       Headbutt          |     2 |       |    51 |       ||    53
       Punch             |     3 |     2 |    21 |       ||    26
       Kick              |     1 |       |       |       ||     1
       Touch             |    21 |    15 |    49 |       ||    85
 Cast: Beastly Appendage |     2 |       |       |       ||     2
       Spider Form       |       |       |    21 |    17 ||    38
       Wereblood         |       |       |     2 |     4 ||     6
       Ice Form          |       |       |       |     5 ||     5
Invok: Curse Item        |       |       |     1 |     1 ||     2
 Abil: End Transformatio |       |       |       |     1 ||     1
  Use: Scroll            |    11 |     3 |    10 |     3 ||    27
       Potion            |       |     3 |     2 |     1 ||     6
 Stab: Distracted        |       |       |     1 |       ||     1
       Sleeping          |       |       |     1 |       ||     1
Armor: Robe              |     9 |       |     8 |     1 ||    18
       Plate armour      |    98 |    80 |   163 |       ||   341
       Skin              |       |     1 |    15 |    31 ||    47
Dodge: Dodged            |    32 |     5 |   104 |   136 ||   277

Table legend: (Time is in decaauts)
 A = Elapsed time spent in this place.
 B = Non-inter-level travel time spent in this place.
 C = Inter-level travel time spent in this place.
 D = Time resting spent in this place.
 E = Time spent auto-exploring this place.
 F = Levels seen in this place.
 G = Mean time per level.
                   A        B        C        D        E       F      G
               +--------+--------+--------+--------+--------+-----+--------+
         Total |  15904 |  15504 |    400 |   5079 |   7976 |  11 | 1445.8 |
       Dungeon |  15017 |  14679 |    338 |   4857 |   7660 |   9 | 1668.6 |
        Temple |    181 |    120 |     61 |      0 |     88 |   1 |  181.0 |
       Ossuary |    706 |    706 |      0 |    222 |    228 |   1 |  706.0 |
               +--------+--------+--------+--------+--------+-----+--------+

Top non-repeatable levels by time:
     D:9: 2704 daAuts
     D:6: 2599 daAuts
     D:5: 2329 daAuts
     D:8: 1993 daAuts
     D:3: 1201 daAuts
     D:4: 1176 daAuts
     D:2: 1049 daAuts
     D:1: 1041 daAuts
     D:7: 920 daAuts
 Ossuary: 706 daAuts
  Temple: 181 daAuts
